 Dungeon Crawl Stone Soup version 0.24.0-1-gfbc8707 (webtiles) character file.

Game seed: 4882679300704698863, levelgen mode: deterministic

743511 Faca the Axe Maniac (level 27, -5/300 HPs)
             Began as a Minotaur Berserker on Nov 1, 2019.
             Was the Champion of Trog.
             Slain by an Orb Guardian (39 damage)
             ... on level 5 of the Realm of Zot.
             The game lasted 03:47:53 (68905 turns).

Faca the Axe Maniac (Minotaur Berserker)           Turns: 68905, Time: 03:47:53

Health: -5/300     AC:  0    Str: 34    XL:     27
Magic:  22/22      EV: 30    Int:  4    God:    Trog [******]
Gold:   6059       SH:  0    Dex: 11    Spells: 26/26 levels left

rFire    . . .     SeeInvis .   (weapon currently unavailable)
rCold    . . .     Gourm    .   (shield currently unavailable)
rNeg     . . .     Faith    .   (armour currently unavailable)
rPois    .         Spirit   .   (helmet currently unavailable)
rElec    .         Reflect  .   (cloak currently unavailable)
rCorr    .         Harm     .   (gloves currently unavailable)
MR       ++...     Rnd*Rage +   (boots currently unavailable)
Stlth    +.........             o - amulet of regeneration
HPRegen  1.00/turn              (ring currently unavailable)
MPRegen  0.18/turn              (ring currently unavailable)

@: pig-form, no potions, very quick
A: small, (retaliatory headbutt), berserk 1, robust 1, no potion heal 1
}: 4/15 runes: barnacled, slimy, silver, gossamer
a: Berserk, Trog's Hand, Brothers in Arms, Renounce Religion


You were on level 5 of the Realm of Zot.
You worshipped Trog.
Trog was exalted by your worship.
You were not hungry.
You were a filthy swine.
You visited 11 branches of the dungeon, and saw 57 of its levels.
You visited the Abyss 2 times.
You also visited: Ossuary, Gauntlet and Ice Cave.

You collected 8734 gold pieces.
You spent 2675 gold pieces at shops.

Inventory:

Hand Weapons
 f - a +2 executioner's axe of flaming
 P - a +9 executioner's axe of chopping (melded)
Missiles
 g - 9 throwing nets
 s - 97 javelins
 T - 108 silver javelins (quivered)
Armour
 p - the +4 dragonskin cloak (melded)
   (You took it off Tiamat on level 3 of the Realm of Zot)
 q - the +0 pair of gloves of Distant Shores (melded) {-Cast +Inv rF+++ rC+}
   (You bought it in a shop on level 2 of the Orcish Mines)

   It renders you almost immune to fire.
   It protects you from cold.
   It lets you turn invisible.
   It prevents spellcasting.
 B - +8 gold dragon scales (melded)
 I - a +2 pair of boots of running (melded)
 L - a +2 hat (melded)
Jewellery
 a - the ring "Povab" {rElec rPois rF+ Str+3}
   (You took it off a deep elf master archer on level 3 of the Elven Halls)

   [ring of strength]

   It affects your strength (+3).
   It protects you from fire.
   It insulates you from electricity.
   It protects you from poison.
 o - an amulet of regeneration (around neck)
 y - the ring of the Pariah {rC+ SInv}
   (You found it on level 5 of the Dungeon)

   [ring of see invisible]

   It protects you from cold.
   It lets you see invisible.
 F - the ring of Cheibriados's Delight (melded) {*Corrode rC+ Str+7 Slay+4}
   (You took it off a merfolk on level 4 of the Depths)

   [ring of slaying]

   It affects your strength (+7).
   It affects your accuracy and damage with ranged weapons and melee attacks
   (+4).
   It protects you from cold.
   It may corrode you when you take damage.
 R - the ring "Soosec Pugur" {rN+ Str+2 Int+3 Dex+2 Slay+2}
   (You found it on level 3 of the Crypt)

   [ring of positive energy]

   It affects your strength (+2).
   It affects your intelligence (+3).
   It affects your dexterity (+2).
   It affects your accuracy and damage with ranged weapons and melee attacks
   (+2).
   It protects you from negative energy.
 U - the ring of Sloth (melded) {rN+ MR+}
   (You found it on level 3 of the Crypt)

   [ring of positive energy]

   It protects you from negative energy.
   It affects your resistance to hostile enchantments.
 V - an uncursed ring of resist corrosion
Wands
 J - a wand of digging (28)
 S - a wand of acid (36)
Scrolls
 e - 35 scrolls of remove curse
 h - a scroll of magic mapping
 l - 5 scrolls of holy word
 m - 25 scrolls of teleportation
 n - 6 scrolls of enchant weapon
 w - 15 scrolls of immolation
 z - a scroll of silence
 C - 3 scrolls of summoning
 D - 6 scrolls of fear
 E - 4 scrolls of fog
 M - 11 scrolls of blinking
 O - 13 scrolls of identify
Potions
 b - 13 potions of mutation
 d - 19 potions of lignification
 i - 5 potions of berserk rage
 j - 8 potions of might
 r - 6 potions of agility
 t - 15 potions of curing
 u - 9 potions of haste
 v - 12 potions of brilliance
 x - 3 potions of resistance
 A - 5 potions of invisibility
 G - 10 potions of ambrosia
 H - 5 potions of cancellation
 K - 9 potions of flight
 N - 3 potions of heal wounds
Comestibles
 c - 70 rations


   Skills:
 O Level 27 Fighting
 O Level 27 Axes
 + Level 22.7 Throwing
 O Level 27 Armour
 + Level 26.2 Dodging


You had 26 spell levels left.
You didn't know any spells.
Your spell library was empty.

Dungeon Overview and Level Annotations

Branches:
Dungeon (15/15)            Temple (0/1) D:6            Lair (6/6) D:9
 Shoals (4/4) Lair:4       Spider (4/4) Lair:2        Slime (5/5) Lair:5
    Orc (2/2) D:11            Elf (3/3) Orc:2        Vaults (5/5) D:14
  Crypt (3/3) Vaults:2       Tomb (0/3) Crypt:3      Depths (5/5) D:15
    Zot (5/5) Depths:5    Ossuary (visited)           IceCv (visited)
Gauntlet (visited)

Altars:
Hepliaklqana
Kikubaaqudgha
Makhleb
Nemelex Xobeh
Okawaru
Qazlal
Ru
Vehumet
Wu Jian
Xom
Yredelemnul
Zin
Beogh

Shops:
D:4 [   D:5 %   D:10 [   D:14 %   Orc:1 =   Orc:2 (:*[[   Elf:2 ?   Shoals:4 [
Vaults:4 }   Vaults:5 *   Depths:4 =(

Portals:
Hell: Depths:1 Depths:2 Depths:3 Depths:4 Depths:5
Abyss: Depths:4
Pandemonium: Depths:1 Depths:3
Ziggurat: Depths:5

Annotations:
Lair:6 exclusion: 3 oklob plants
Elf:2 4 runed translucent doors


Innate Abilities, Weirdness & Mutations

((You reflexively headbutt those who attack you in melee.))
((You have a pair of horns on your head.))
You tend to lose your temper in combat.
You are robust. (+10% HP)
Potions are less effective at restoring your health.


Message History

The green draconian annihilator misses you.
The electric golem blinks!
The electric golem closely misses you. The electric golem misses you.
The electric golem hits you!
The electric golem completely misses you.
The green draconian annihilator gestures at you while chanting.
The crystal spear hits you!!!
* * * LOW HITPOINT WARNING * * *
The electric golem hits you!
* * * LOW HITPOINT WARNING * * *
The electric golem shocks you!!
* * * LOW HITPOINT WARNING * * *
The electric golem completely misses you.
The electric golem hits you.
* * * LOW HITPOINT WARNING * * *
The electric golem hits you!
* * * LOW HITPOINT WARNING * * *
Unknown command.
The Orb Guardian hits you!!!
You die...

**,,,,,,,,,,,,,,.......
***,,,,,,,,,,,8.......
****,,,,,,,,d......▓
#▓▓▓▓▓▓▓▓▓▓▓##..(.^▓▓
###.......(......§..!.#
##....##........§.......
##########...###.....X..(........
............###.........(........
......^....## #.hd......(........
...........# #.8X.d.............
..........## #pd........^.......
).........# #..q§).............
..........## #...).^.........^..
...........# ##.°)..............
...........## ##................
............# ##..............#
####.########▓▓ ################


You could see a Killer Klown, an electric golem, 2 draconians, a red draconian,
2 Orb Guardians and a green draconian annihilator.

Vanquished Creatures
  the Royal Jelly (Slime:5)
  Tiamat (Zot:3)
  2 orbs of fire (Zot:5)
  Khufu (Crypt:1)
  11 ancient liches
  Sojobo (Crypt:2)
  2 greater mummies (Vaults:2)
  3 Killer Klowns
  Saint Roka (Depths:4)
  10 caustic shrikes
  Xtahua (Vaults:4)
  4 curse toes
  12 golden dragons
  2 bone dragons
  Arachne (Spider:3)
  19 tentacled monstrosities
  3 electric golems
  9 liches
  10 Orb Guardians (Zot:5)
  2 Ice Fiends (IceCv)
  7 quicksilver dragons
  8 titans
  A deep elf master archer (Elf:3)
  2 deep elf blademasters (Elf:3)
  14 death cobs
  Polyphemus (Shoals:2)
  33 acid blobs
  2 tentacled starspawn (Abyss:2)
  5 sphinxes
  Gastronok (D:8)
  Agnes (Spider:2)
  7 ancient champions
  The ghost of Faca the Envoy of Void, an adept GnAK of Lugonu (Shoals:4)
  Kirke (Lair:5)
  12 shadow dragons
  17 storm dragons
  Donald (Crypt:1)
  7 tengu reavers
  9 draconian monks
  6 fire giants
  11 azure jellies
  A frost giant (shapeshifter) (Vaults:5)
  7 draconian scorchers
  5 ghost moths
  2 revenants
  4 deep elf sorcerers
  3 draconian knights
  16 vault wardens
  An orc warlord (Orc:2)
  8 frost giants
  4 curse skulls (Crypt:3)
  2 iron dragons
  2 spriggan defenders (Depths:3)
  5 deep elf elementalists
  4 draconian shifters
  9 draconian stormcallers
  5 emperor scorpions (Spider:4)
  16 ironheart preservers
  7 draconian annihilators
  14 ghouls
  16 green draconians
  18 very ugly things
  20 stone giants
  8 vampire knights
  The ghost of Lutiheq the Grappler, a journeyman DrTm of Wu Jian (Lair:4)
  12 entropy weavers
  A war gargoyle (Vaults:5)
  12 deep elf annihilators
  8 black draconians
  6 deep elf demonologists
  21 red draconians
  11 white draconians
  A minotaur (Gauntlet)
  Azrael (D:12)
  6 dire elephants (Lair:6)
  10 yellow draconians
  6 spark wasps
  15 ettins
  9 deep elf death magi
  3 eidola (Crypt:1)
  13 purple draconians
  10 merfolk impalers
  6 merfolk javelineers
  26 fire dragons
  A quicksilver dragon zombie (Depths:3)
  8 death oozes
  The ghost of Fang the Fighter, a journeyman GrBe of Trog (D:11)
  11 yaktaur captains
  5 deep elf high priests
  The ghost of Forgeling the Fetichist, a journeyman DDFi of Makhleb (Lair:1)
  A quicksilver dragon skeleton (Crypt:3)
  13 jiangshi
  41 vault guards
  16 great orbs of eyes
  5 hydras
  15 ice dragons
  A hell beast (Depths:3)
  7 rakshasas
  Harold (D:9)
  4 merfolk avatars
  4 satyrs
  7 centaur warriors
  4 spriggan air magi
  2 catoblepae
  3 death yaks
  25 two-headed ogres
  17 dancing weapons
  A queen ant (Lair:2)
  6 death knights
  4 merfolk aquamancers
  3 deep troll shamans
  4 anacondas
  3 deep troll earth magi
  9 ogre magi
  A titan zombie (Depths:3)
  Urug (D:11)
  3 orc high priests (Orc:2)
  4 spriggan berserkers
  6 tengu warriors
  7 soul eaters
  14 deep elf knights
  6 vampire magi
  6 hell knights
  Sonja (Lair:1)
  4 shadow wraiths
  25 skeletal warriors
  A storm dragon skeleton (Vaults:2)
  A sixfirhy (Abyss:2)
  Nergalle (D:11)
  14 sea snakes
  2 death drakes (Zot:2)
  8 unseen horrors
  A death drake (shapeshifter) (Depths:4)
  14 deep trolls
  4 glowing orange brains
  A flayed ghost (Crypt:2)
  An iron troll (Depths:4)
  2 spriggan druids (Depths:3)
  3 shadow demons
  A swamp dragon (Zot:3)
  10 phantasmal warriors
  An orange crystal statue (Zot:5)
  4 wizards
  19 ironbrand convokers
  Pikel (D:7)
  20 orc knights
  A lindwurm (Depths:3)
  A tengu zombie (Depths:3)
  55 deep elf magi
  An orb spider (shapeshifter) (Vaults:2)
  22 deep elf archers
  12 orb spiders
  11 orc sorcerers
  34 ugly things
  34 wolf spiders
  6 necromancers
  A mana viper (shapeshifter) (Depths:3)
  27 harpies
  25 fauns
  A shining eye (shapeshifter) (Vaults:1)
  10 cyclopes
  A shadow dragon skeleton (Crypt:3)
  13 manticores
  2 tengu skeletons
  4 oklob plants (Lair:5)
  11 shining eyes
  7 merfolk sirens
  17 elephants
  2 frost giant skeletons (Vaults:2)
  A guardian serpent (shapeshifter) (Depths:1)
  24 moths of wrath
  6 water nymphs
  6 black mambas
  2 fire giant skeletons
  4 ice statues
  5 torpor snails
  2 orange demons
  4 eyes of devastation
  18 vault sentinels
  A stone giant skeleton (Vaults:2)
  4 naga magi
  11 spiny frogs
  An apocalypse crab (Abyss:2)
  2 smoke demons
  A torpor snail (shapeshifter) (Vaults:5)
  3 centaur skeletons
  A gargoyle (D:15)
  7 komodo dragons
  5 spectral swamp worms (Depths:5)
  An elf zombie (Depths:3)
  A shock serpent skeleton (Crypt:2)
  A rime drake (shapeshifter) (Elf:1)
  2 dire elephant skeletons (Crypt:3)
  2 rime drakes (Lair:5)
  A komodo dragon (shapeshifter) (Vaults:2)
  A human zombie (Vaults:1)
  12 freezing wraiths
  37 yaktaurs
  10 demonic crawlers
  12 ice devils
  A golden dragon simulacrum (Crypt:3)
  2 polar bears
  10 tengu conjurers
  A hellwing (Abyss:2)
  40 jumping spiders
  A yaktaur skeleton (Vaults:2)
  An ancient zyme (Abyss:2)
  A guardian mummy (Zot:2)
  A queen bee (Gauntlet)
  A red devil (Depths:1)
  A merfolk (shapeshifter) (Depths:4)
  A hydra zombie (Crypt:3)
  A meliai (shapeshifter) (Vaults:3)
  10 trolls
  12 tyrant leeches
  25 merfolk
  Grinder (D:5)
  A tarantella zombie (Crypt:2)
  5 snapping turtles
  A wind drake (shapeshifter) (Vaults:4)
  160 slime creatures
  2 wolf spider simulacra
  11 hippogriffs
  A hornet (shapeshifter) (Vaults:1)
  15 hornets
  A wind drake (Shoals:3)
  22 dream sheep
  4 bog bodies
  A stone giant simulacrum (Crypt:3)
  9 blink frogs (Lair:2)
  2 dream sheep (shapeshifter)
  2 spectral guardian serpents (Crypt:3)
  6 flying skulls
  An ettin skeleton (Vaults:2)
  7 shadows
  13 water elementals
  115 redbacks
  3 air elementals
  A vampire (D:13)
  A ynoxinul (Abyss:2)
  A spriggan (shapeshifter) (Vaults:1)
  A human (shapeshifter) (Vaults:1)
  An elf simulacrum (Depths:3)
  A yak (shapeshifter) (Depths:5)
  2 basilisks (shapeshifter)
  5 spriggans
  A steam dragon (D:12)
  49 tarantellas
  9 wraiths
  A wyvern (shapeshifter) (Vaults:4)
  2 fire elementals
  5 hogs (Lair:5)
  3 wyverns
  41 yaks
  Eustachio (D:4)
  6 basilisks
  22 golden eyes
  Grum (D:8)
  2 chaos spawn
  3 hungry ghosts
  4 swamp worms (Spider:3)
  A hydra simulacrum (Abyss:2)
  2 large abominations
  2 soldier ants (shapeshifter)
  10 wargs
  2 deep troll skeletons
  9 water moccasins
  12 porcupines
  20 soldier ants (Lair:2)
  6 acid dragons
  The ghost of dafunda the Skirmisher, an amateur OgFi (D:3)
  8 hell hounds
  7 floating eyes
  7 eyes of draining
  4 ice beasts
  3 phantoms
  2 black bears (shapeshifter)
  A swamp dragon zombie (Crypt:2)
  Duvessa (D:7)
  7 sky beasts
  A blink frog zombie (Crypt:2)
  51 orc warriors
  7 black bears
  An eye of draining (shapeshifter) (Elf:3)
  4 slaves (D:7)
  A snapping turtle zombie (Crypt:1)
  4 necrophages
  12 boggarts
  28 ogres
  An ogre (shapeshifter) (Abyss:5)
  5 human skeletons
  22 centaurs
  An elephant skeleton (Crypt:1)
  8 wolves
  A lindwurm skeleton (Crypt:1)
  22 crocodiles
  10 big kobolds
  17 bullfrogs
  A draconian zombie (Crypt:3)
  3 small abominations (Abyss:2)
  A wyvern zombie (D:8)
  A draconian skeleton (Crypt:1)
  3 scorpions
  A wyvern skeleton (D:6)
  Dowan (D:7)
  A human simulacrum (Vaults:1)
  A spriggan zombie (Crypt:1)
  21 killer bees
  10 wights
  3 electric eels
  A howler monkey (shapeshifter) (Elf:3)
  3 howler monkeys
  4 centaur zombies
  9 crimson imps
  13 starcursed masses (Abyss:2)
  A quasit (D:12)
  A bullfrog zombie (Crypt:2)
  A black bear zombie (Crypt:3)
  4 jellies
  18 orc priests
  Crazy Yiuf (D:5)
  5 hounds
  5 bullfrog skeletons
  26 orc wizards
  Jessica (D:4)
  Terence (D:3)
  2 iguanas
  29 worker ants
  2 felid skeletons
  A hound skeleton (D:6)
  A mummy (Crypt:1)
  A worker ant zombie (D:6)
  Robin (D:3)
  6 gnolls
  2 howler monkey skeletons
  15 adders
  4 shadow imps
  9 white imps
  An ufetubus (Abyss:2)
  2 oozes
  An adder zombie (Ossuary)
  2 adder skeletons (D:4)
  3 worms
  2 dart slugs
  5 leopard geckos
  114 orcs
  A ball python (D:3)
  9 bats
  A bat skeleton (Crypt:1)
  6 giant cockroaches
  20 goblins
  8 hobgoblins
  9 jackals
  2 quokkas
  3 ball python skeletons (Ossuary)
  A dart slug zombie (Crypt:1)
  6 frilled lizards
  A giant cockroach zombie (D:6)
  A gnoll skeleton (Crypt:3)
  A jackal skeleton (D:4)
  17 kobolds
  4 kobold zombies (Ossuary)
  A leopard gecko skeleton (D:6)
  An orc zombie (Crypt:3)
  8 rats
  2 crawling corpses (Depths:4)
  9 fungi
  28 plants
  4 starspawn tentacles (Abyss:2)
  A withered plant (Gauntlet)
2938 creatures vanquished.

Vanquished Creatures (collateral kills)
  A golden dragon (Zot:3)
  Jorgrun (Shoals:1)
  A deep elf master archer (Elf:3)
  A merfolk impaler (Shoals:3)
  A merfolk avatar (Shoals:1)
  An orb spider (Spider:4)
  2 cyclopes
  A manticore (Shoals:1)
  4 fauns
  A merfolk siren (Shoals:1)
  2 merfolk
  5 dream sheep
21 creatures vanquished.

Vanquished Creatures (others)
  A tengu reaver (Crypt:2)
  A draconian knight (Zot:4)
  A soul eater (Crypt:2)
  A faun (Shoals:4)
  A deep elf mage (Vaults:1)
  A hornet (Spider:4)
  A jumping spider (Spider:4)
  2 humans (Lair:6)
  An orc priest (D:10)
  6 white imps (IceCv)
  6 ufetubi (IceCv)
  2 orcs
  2 bushes (Depths:3)
  13 fungi
  77 plants
  3 starspawn tentacles (Abyss:2)
  A withered plant (Gauntlet)
120 creatures vanquished.

Grand Total: 3079 creatures vanquished

Notes
Turn   | Place    | Note
-------+----------+-------------------------------------------
     0 | D:1      | Faca the Minotaur Berserker began the quest for the Orb.
     0 | D:1      | Reached XP level 1. HP: 19/19 MP: 0/0
   234 | D:1      | Reached XP level 2. HP: 27/27 MP: 1/1
   497 | D:1      | Reached ** piety under Trog
   642 | D:1      | Reached XP level 3. HP: 31/34 MP: 2/2
  1002 | D:2      | Reached XP level 4. HP: 35/41 MP: 3/3
  1003 | D:2      | Found a radiant altar of Vehumet.
  1109 | D:2      | Reached skill level 5 in Fighting
  1111 | D:2      | Reached skill level 5 in Axes
  1115 | D:2      | Found a hazy altar of Hepliaklqana.
  1380 | D:2      | Found a burning altar of Makhleb.
  1579 | D:3      | Noticed Terence
  1587 | D:3      | Killed Terence
  1587 | D:3      | Reached XP level 5. HP: 32/49 MP: 4/4
  1692 | D:3      | Noticed Robin
  1699 | D:3      | Killed Robin
  1699 | D:3      | Reached *** piety under Trog
  1825 | D:3      | Found a runed translucent door.
  1829 | D:3      | Noticed dafunda's ghost (amateur OgFi)
  1883 | D:3      | Found a runed translucent door.
  2371 | D:3      | Reached XP level 6. HP: 50/58 MP: 5/5
  2381 | D:3      | Killed dafunda's ghost
  2548 | D:4      | Found Teujihorgh's Armour Boutique.
  2656 | D:4      | Reached XP level 7. HP: 66/66 MP: 6/6
  2795 | D:4      | Noticed Eustachio
  2802 | D:4      | Killed Eustachio
  2985 | D:4      | Found a glowing silver altar of Zin.
  2985 | D:4      | Noticed an angel
  3064 | D:4      | Found a sparkling altar of Nemelex Xobeh.
  3064 | D:4      | Noticed Jessica
  3069 | D:4      | Killed Jessica
  3223 | D:5      | Entered Level 5 of the Dungeon
  3267 | D:5      | Noticed Grinder
  3275 | D:5      | Killed Grinder
  3278 | D:5      | Reached XP level 8. HP: 75/75 MP: 7/7
  3293 | D:5      | Reached **** piety under Trog
  3307 | D:5      | Found a glowing silver altar of Zin.
  3444 | D:5      | Found a shimmering altar of Xom.
  3494 | D:5      | Found Urimud's Food Shoppe.
  3641 | D:5      | Got a brightly glowing granite ring
  3642 | D:5      | Identified the ring of the Pariah {rC+ SInv} (You found it
                  | on level 5 of the Dungeon)
  3799 | D:5      | Found a runed translucent door.
  3800 | D:5      | Noticed Crazy Yiuf
  3811 | D:5      | Killed Crazy Yiuf
  4128 | D:6      | Reached skill level 10 in Fighting
  4128 | D:6      | Reached skill level 10 in Axes
  4323 | D:6      | Found an ancient bone altar of Kikubaaqudgha.
  4650 | D:6      | Found a staircase to the Ecumenical Temple.
  4669 | D:6      | Reached XP level 9. HP: 86/86 MP: 8/8
  4701 | D:6      | Reached ***** piety under Trog
  5028 | D:7      | Found a sparkling altar of Nemelex Xobeh.
  5235 | D:7      | Noticed Dowan
  5235 | D:7      | Noticed Duvessa
  5244 | D:7      | Killed Dowan
  5250 | D:7      | Killed Duvessa
  5619 | D:7      | Noticed Pikel
  5640 | D:7      | Killed Pikel
  5676 | D:7      | Found an iron altar of Okawaru.
  5800 | D:7      | Found an ornate altar of the Wu Jian Council.
  5990 | D:7      | Found a sacrificial altar of Ru.
  6203 | D:8      | Reached XP level 10. HP: 78/99 MP: 6/9
  6359 | D:8      | Found a sand-covered staircase.
  6364 | Ossuary  | Entered an ossuary
  6808 | D:8      | Noticed Grum
  7063 | D:8      | Killed Grum
  7255 | D:8      | Noticed a two-headed ogre
  7267 | D:8      | Killed a two-headed ogre
  7366 | D:8      | Received a gift from Trog
  7377 | D:8      | Noticed Gastronok
  7401 | D:8      | Killed Gastronok
  7401 | D:8      | Reached skill level 5 in Armour
  7401 | D:8      | Reached skill level 5 in Dodging
  7401 | D:8      | Reached XP level 11. HP: 89/107 MP: 5/10
  7743 | D:8      | Found a stormy altar of Qazlal.
  7991 | D:9      | Noticed Harold
  7993 | D:9      | Found a staircase to the Lair.
  8005 | D:9      | Killed Harold
  8831 | D:10     | Entered Level 10 of the Dungeon
  8875 | D:10     | Noticed a two-headed ogre
  8895 | D:10     | Killed a two-headed ogre
  9120 | D:10     | Found Kuobeb's Antique Armour Shoppe.
  9132 | D:10     | Noticed a deep elf mage
  9145 | D:10     | Killed a deep elf mage
  9161 | D:10     | Bought a shiny chain mail for 202 gold pieces
  9201 | D:10     | Received a gift from Trog
 10212 | D:11     | Reached XP level 12. HP: 83/117 MP: 1/11
 10260 | D:11     | Noticed Urug
 10572 | D:11     | Killed Urug
 10793 | D:11     | Found a runed translucent gate.
 10799 | D:11     | Found a runed translucent gate.
 10799 | D:11     | Noticed Fang's ghost (journeyman GrBe)
 10801 | D:11     | Found a runed translucent gate.
 10998 | D:11     | Noticed Nergalle
 11008 | D:11     | Killed Nergalle
 11364 | D:11     | Got a dazzling chain mail
 11375 | D:11     | Identified the +5 chain mail of Absolutism {rC- Int+4 Dex+6
                  | SInv} (You found it on level 11 of the Dungeon)
 11463 | D:11     | Found a staircase to the Orcish Mines.
 11515 | Lair:1   | Entered Level 1 of the Lair of Beasts
 11578 | Lair:1   | Found a runed translucent door.
 11581 | Lair:1   | Noticed Forgeling's ghost (journeyman DDFi)
 11688 | Lair:1   | Killed Forgeling's ghost
 11688 | Lair:1   | Received a gift from Trog
 11969 | Lair:1   | Noticed Sonja
 11975 | Lair:1   | Killed Sonja
 11975 | Lair:1   | Reached skill level 15 in Fighting
 11975 | Lair:1   | Reached skill level 15 in Axes
 12202 | Lair:1   | Reached skill level 10 in Armour
 12560 | Lair:2   | Found a hole to the Spider Nest.
 12832 | Lair:2   | Noticed a queen ant
 12845 | Lair:2   | Killed a queen ant
 12856 | Lair:2   | Reached XP level 13. HP: 97/127 MP: 12/12
 13536 | Lair:3   | Received a gift from Trog
 13536 | Lair:3   | Reached skill level 10 in Dodging
 14109 | Lair:4   | Found a runed translucent gate.
 14109 | Lair:4   | Found a runed translucent gate.
 14109 | Lair:4   | Found a runed translucent gate.
 14179 | Lair:4   | Found a gate leading to a gauntlet.
 14199 | Gauntlet | Entered a Gauntlet
 14199 | Gauntlet | Found a transporter.
 14199 | Gauntlet | Found a transporter.
 14199 | Gauntlet | Found a transporter.
 14211 | Gauntlet | Found a transporter.
 14214 | Gauntlet | Found a transporter.
 14218 | Gauntlet | Found a runed translucent door.
 14220 | Gauntlet | Found a runed translucent door.
 14223 | Gauntlet | Found a transporter.
 14226 | Gauntlet | Found a transporter.
 14234 | Gauntlet | Found a transporter.
 14252 | Gauntlet | Found a transporter.
 14258 | Gauntlet | Found a transporter.
 14261 | Gauntlet | Found a transporter.
 14271 | Gauntlet | Found a transporter.
 14431 | Gauntlet | Got a twitching lapis lazuli ring
 14497 | Gauntlet | Identified the ring "Fieram" {rElec rPois rC- Int+3 Dex+2}
                  | (You found it in a Gauntlet)
 14624 | Gauntlet | Noticed a minotaur
 14628 | Gauntlet | Killed a minotaur
 14637 | Gauntlet | Identified the Incunabulum of Boosting Black Rites
 14694 | Lair:4   | Found a staircase to the Shoals.
 14810 | Lair:4   | Noticed Lutiheq's ghost (journeyman DrTm)
 14848 | Lair:4   | Killed Lutiheq's ghost
 14973 | Lair:4   | Noticed a fire dragon
 14984 | Lair:4   | Killed a fire dragon
 15456 | Lair:5   | Found a staircase to the Slime Pits.
 15646 | Lair:5   | Found an ancient bone altar of Kikubaaqudgha.
 15653 | Lair:5   | Received a gift from Trog
 15830 | Lair:6   | Entered Level 6 of the Lair of Beasts
 15830 | Lair:6   | Noticed Kirke
 15864 | Lair:5   | Reached XP level 14. HP: 118/138 MP: 10/13
 15874 | Lair:5   | Killed Kirke
 17716 | Orc:1    | Entered Level 1 of the Orcish Mines
 17761 | Orc:1    | Found Iraixepn's Jewellery Shop.
 17786 | Orc:1    | Bought a cursed -3 ring of dexterity for 28 gold pieces
 17811 | Orc:1    | Found a roughly hewn altar of Beogh.
 17901 | Orc:1    | Reached ****** piety under Trog
 18039 | Orc:1    | Received a gift from Trog
 18329 | Orc:2    | Entered Level 2 of the Orcish Mines
 18342 | Orc:2    | Found Heuwiur's General Store.
 18437 | Orc:2    | Found Okafok's Antique Weapon Shop.
 18558 | Orc:2    | Found Ateraism's Antique Armour Boutique.
 18566 | Orc:2    | Bought a pair of spiked gloves for 304 gold pieces
 18576 | Orc:2    | Identified the +0 pair of gloves of Distant Shores {-Cast
                  | +Inv rF+++ rC+} (You bought it in a shop on level 2 of the
                  | Orcish Mines)
 18610 | Orc:2    | Reached XP level 15. HP: 86/147 MP: 6/14
 18611 | Orc:2    | Found a staircase to the Elven Halls.
 18611 | Orc:2    | Noticed an orc warlord
 18625 | Orc:2    | Killed an orc warlord
 18732 | Orc:2    | Found Ezanyuj's Antique Armour Boutique.
 18764 | Orc:2    | Found Gaheoran's Book Shop.
 19138 | Orc:2    | Bought a pair of embroidered boots for 225 gold pieces
 19138 | Orc:2    | Bought an embroidered cloak for 225 gold pieces
 19148 | Orc:2    | Identified a +0 pair of boots of running (You bought it in
                  | a shop on level 2 of the Orcish Mines)
 19261 | D:11     | Killed Fang's ghost
 19470 | D:12     | Received a gift from Trog
 19648 | D:12     | Noticed Azrael
 19663 | D:12     | Killed Azrael
 20272 | D:13     | Received a gift from Trog
 20992 | D:14     | Found Selad's Food Shoppe.
 21509 | D:14     | Found a gate to the Vaults.
 21852 | Spider:1 | Entered Level 1 of the Spider Nest
 21853 | Spider:1 | Received a gift from Trog
 21983 | Spider:1 | Reached skill level 15 in Armour
 21983 | Spider:1 | Reached XP level 16. HP: 128/158 MP: 15/15
 21984 | Spider:1 | Reached skill level 1 in Throwing
 22416 | Spider:2 | Received a gift from Trog
 22446 | Spider:2 | Identified the +2 battleaxe of Moderation {venom, Dex+3}
                  | (Trog gifted it to you on level 2 of the Spider Nest)
 22814 | Spider:2 | Noticed Agnes
 22818 | Spider:2 | Killed Agnes
 22831 | Spider:2 | Received a gift from Trog
 23336 | Spider:3 | Received a gift from Trog
 24666 | Spider:3 | Noticed Arachne
 24676 | Spider:3 | Killed Arachne
 24676 | Spider:3 | Reached skill level 5 in Throwing
 24766 | Spider:4 | Entered Level 4 of the Spider Nest
 24933 | Spider:4 | Reached XP level 17. HP: 161/168 MP: 16/16
 24997 | Spider:4 | Received a gift from Trog
 25122 | Spider:4 | Reached skill level 15 in Dodging
 25818 | Spider:3 | Received a gift from Trog
 26511 | Spider:4 | Got a gossamer rune of Zot
 26830 | Shoals:1 | Entered Level 1 of the Shoals
 26960 | Shoals:1 | Noticed Jorgrun
 26987 | Shoals:1 | Killed Jorgrun
 27647 | Shoals:2 | Received a gift from Trog
 27686 | Shoals:2 | Noticed a titan
 27740 | Shoals:2 | Killed a titan
 27975 | Shoals:2 | Reached XP level 18. HP: 150/178 MP: 17/17
 28216 | Shoals:2 | Noticed Polyphemus
 28349 | Shoals:2 | Killed Polyphemus
 29289 | Shoals:3 | Received a gift from Trog
 29519 | Shoals:4 | Entered Level 4 of the Shoals
 29825 | Shoals:4 | Found a frozen archway.
 29962 | IceCv    | Entered an ice cave
 30040 | IceCv    | Received a gift from Trog
 30405 | IceCv    | Noticed an Ice Fiend
 30405 | IceCv    | Noticed an Ice Fiend
 30424 | IceCv    | Killed an Ice Fiend
 30425 | IceCv    | Killed an Ice Fiend
 31236 | Shoals:4 | Received a gift from Trog
 31696 | Shoals:4 | Identified the +11 great sword "Maogusma" {antimagic, rF+
                  | rN+ MR-}
 31742 | Shoals:4 | Identified the +5 scale mail "Keza Juliluo" {rC+} (You
                  | found it on level 4 of the Shoals)
 31808 | Shoals:4 | Got a barnacled rune of Zot
 32005 | Shoals:4 | Found a runed translucent door.
 32005 | Shoals:4 | Noticed Faca's ghost (adept GnAK)
 32029 | Shoals:4 | Killed Faca's ghost
 32040 | Shoals:4 | Identified the +8 fustibalus of Riufarph {freeze, Str+3}
                  | (You found it on level 4 of the Shoals)
 32042 | Shoals:4 | Got a jewelled whip
 32043 | Shoals:4 | Identified the cursed +3 whip of Extermination {protect,
                  | rElec} (You found it on level 4 of the Shoals)
 32626 | Shoals:4 | Found Avattoat's Antique Armour Emporium.
 32634 | Shoals:4 | Bought a distressingly furry chain mail for 332 gold pieces
 32634 | Shoals:4 | Bought a glowing plate armour for 910 gold pieces
 32634 | Shoals:4 | Identified the +3 chain mail of Calculation {rF+ rC+ Dex+2}
                  | (You bought it in a shop on level 4 of the Shoals)
 33204 | D:15     | Entered Level 15 of the Dungeon
 33284 | D:15     | Reached XP level 19. HP: 187/187 MP: 18/18
 33368 | D:15     | Found a staircase to the Depths.
 33470 | D:15     | Received a gift from Trog
 33888 | Vaults:1 | Entered Level 1 of the Vaults
 34018 | Vaults:1 | Reached skill level 10 in Throwing
 34550 | Vaults:1 | Received a gift from Trog
 35133 | Vaults:1 | Gained mutation: You tend to lose your temper in combat. [a
                  | shining eye]
 35817 | Vaults:2 | Received a gift from Trog
 36429 | Vaults:2 | Reached XP level 20. HP: 161/198 MP: 19/19
 36431 | Vaults:2 | Received a gift from Trog
 36874 | Vaults:2 | Found a staircase to the Crypt.
 37326 | Vaults:3 | Received a gift from Trog
 37362 | Vaults:3 | Noticed a golden dragon
 37377 | Vaults:3 | Killed a golden dragon
 37388 | Vaults:3 | Received a gift from Trog
 38244 | Vaults:3 | Received a gift from Trog
 38245 | Vaults:3 | Got a twisted war axe {god gift}
 38246 | Vaults:3 | Identified the +3 war axe of Caka {flame, Int+5} (Trog
                  | gifted it to you on level 3 of the Vaults)
 38392 | Vaults:4 | Found Inafeots's Gadget Shoppe.
 39046 | Vaults:4 | Noticed Xtahua
 39050 | Vaults:4 | Killed Xtahua
 39275 | Vaults:4 | Received a gift from Trog
 39279 | Vaults:4 | Cast into level 2 of the Abyss (death knight)
 39304 | Abyss:2  | Found a corrupted altar of Lugonu.
 39473 | Abyss:2  | Noticed a bone dragon
 39482 | Abyss:2  | Reached XP level 21. HP: 192/207 MP: 20/20
 39615 | Vaults:4 | Escaped the Abyss
 39626 | Vaults:4 | Identified the +1 battleaxe "Osavaxuo" {venom, SInv} (Trog
                  | gifted it to you on level 4 of the Vaults)
 40455 | Vaults:4 | Received a gift from Trog
 40643 | Depths:1 | Entered Level 1 of the Depths
 41203 | Depths:1 | Found a gateway to Hell.
 41377 | Depths:1 | Found a one-way gate leading to the halls of Pandemonium.
 41956 | Depths:2 | Received a gift from Trog
 42621 | Depths:3 | Identified a +0 pair of boots of running (You found it on
                  | level 3 of the Depths)
 43313 | Depths:3 | Received a gift from Trog
 43341 | Depths:3 | Noticed a caustic shrike
 43345 | Depths:3 | Killed a caustic shrike
 43770 | Depths:3 | Reached XP level 22. HP: 160/220 MP: 21/21
 44417 | Depths:4 | Paralysed by a floating eye for 3 turns
 44438 | Depths:4 | Got a vibrating glass ring
 44439 | Depths:4 | Identified the ring of Brilliance {Ice rElec Int+3 Dex+3}
                  | (You found it on level 4 of the Depths)
 44538 | Depths:4 | Found Ehoex's Jewellery Emporium.
 44569 | Depths:4 | Received a gift from Trog
 44599 | Depths:4 | Noticed Saint Roka
 44608 | Depths:4 | Killed Saint Roka
 44695 | Depths:4 | Identified the ring of Cheibriados's Delight {*Corrode rC+
                  | Str+7 Slay+4}
 44971 | Depths:4 | Noticed a caustic shrike
 44975 | Depths:4 | Killed a caustic shrike
 45020 | Depths:4 | Paralysed by a floating eye for 3 turns
 45032 | Depths:4 | Identified the ring of Scepticism {Fire *Slow +Blink rElec
                  | MP+9}
 45035 | Depths:4 | Received a gift from Trog
 45145 | Depths:4 | Found a one-way gate to the infinite horrors of the Abyss.
 45223 | Depths:4 | Received a gift from Trog
 45337 | Depths:4 | Found Zolyuk's Antique Weapon Emporium.
 45650 | Depths:5 | Entered Level 5 of the Depths
 45840 | Depths:5 | Noticed a caustic shrike
 45841 | Depths:5 | Noticed a caustic shrike
 45842 | Depths:5 | Noticed a caustic shrike
 45854 | Depths:4 | Killed a caustic shrike
 45980 | Depths:5 | Noticed a caustic shrike
 45989 | Depths:4 | Killed a caustic shrike
 45998 | Depths:4 | Killed a caustic shrike
 46268 | Depths:5 | Noticed a caustic shrike
 46282 | Depths:4 | Killed a caustic shrike
 46432 | Depths:4 | Killed a caustic shrike
 46622 | Depths:5 | Received a gift from Trog
 46636 | Depths:5 | Reached XP level 23. HP: 185/232 MP: 22/22
 46667 | Depths:5 | Received a gift from Trog
 47011 | Depths:5 | Received a gift from Trog
 47138 | Depths:5 | Found a gateway to a ziggurat.
 47335 | Depths:5 | Found a runed translucent door.
 47342 | Depths:5 | Found a radiant altar of Vehumet.
 47342 | Depths:5 | Noticed an ancient lich
 47382 | Depths:5 | Found a gate to the Realm of Zot.
 47525 | Depths:5 | Noticed a caustic shrike
 47528 | Depths:5 | Noticed a caustic shrike
 47529 | Depths:5 | Noticed a caustic shrike
 47537 | Depths:5 | Killed a caustic shrike
 47539 | Depths:5 | Killed a caustic shrike
 47544 | Depths:5 | Killed a caustic shrike
 47788 | Depths:5 | Received a gift from Trog
 47789 | Depths:5 | Got a scorched battleaxe {god gift}
 47790 | Depths:5 | Identified the +8 battleaxe "Syupaw" {protect, Str+2} (Trog
                  | gifted it to you on level 5 of the Depths)
 47920 | Depths:5 | Killed an ancient lich
 48189 | Elf:1    | Entered Level 1 of the Elven Halls
 49231 | Elf:2    | Received a gift from Trog
 49260 | Elf:2    | Found a large runed translucent door.
 49260 | Elf:2    | Found a large runed translucent door.
 49282 | Elf:2    | Found a large runed translucent door.
 49282 | Elf:2    | Found a large runed translucent door.
 49425 | Elf:2    | Found Ulauxus's Magic Scroll Shoppe.
 49686 | Elf:2    | Received a gift from Trog
 49850 | Elf:3    | Entered Level 3 of the Elven Halls
 49958 | Elf:3    | Received a gift from Trog
 50869 | Elf:3    | Received a gift from Trog
 50933 | Elf:3    | Identified the ring "Lytay" {Fire Str+4 Dex+4}
 50945 | Elf:3    | Reached XP level 24. HP: 235/243 MP: 22/22
 50974 | Elf:3    | Identified the cursed ring "Leiguf" {Int+2 Slay-3}
 50974 | Elf:3    | Identified the ring "Povab" {rElec rPois rF+ Str+3}
 51028 | Elf:3    | Identified the cursed +0 hand axe of Punishment {freeze,
                  | MR+}
 51286 | Elf:3    | Received a gift from Trog
 51526 | Elf:3    | Found the +3 giant club "Skullcrusher" {speed, Str+7}
 51646 | Elf:2    | Bought a scroll of holy word for 127 gold pieces
 51646 | Elf:2    | Bought a scroll of teleportation for 51 gold pieces
 51646 | Elf:2    | Bought a scroll of teleportation for 51 gold pieces
 51646 | Elf:2    | Bought a scroll of fear for 59 gold pieces
 51646 | Elf:2    | Bought a scroll of teleportation for 51 gold pieces
 51646 | Elf:2    | Bought a scroll of fear for 59 gold pieces
 51646 | Elf:2    | Bought a scroll of teleportation for 51 gold pieces
 51992 | Vaults:5 | Entered Level 5 of the Vaults
 52005 | Vaults:4 | Received a gift from Trog
 52168 | Vaults:5 | Received a gift from Trog
 52181 | Vaults:5 | Received a gift from Trog
 52337 | Vaults:5 | Received a gift from Trog
 52478 | Vaults:5 | Noticed an ancient lich
 52485 | Vaults:5 | Received a gift from Trog
 52589 | Vaults:5 | Identified the +3 chain mail "Anoxif" {Int+3} (You found it
                  | on level 5 of the Vaults)
 52727 | Vaults:5 | Got a silver rune of Zot
 53037 | Vaults:5 | Identified the cursed +1 steam dragon scales of Noon
                  | {Str+3}
 53060 | Vaults:5 | Received a gift from Trog
 53357 | Vaults:5 | Identified the +9 war axe "Xuasm" {pain, Dex+2}
 53367 | Vaults:5 | Reached XP level 25. HP: 241/253 MP: 22/22
 53391 | Vaults:5 | Identified the +9 glaive "Watefuxt" {flame, rN+ Int+3}
 53572 | Vaults:5 | Identified the +1 leather armour of the Earth {rF+}
 54012 | Vaults:5 | Found Omogh's Assorted Antiques.
 54122 | Vaults:5 | Killed an ancient lich
 54557 | Lair:5   | Received a gift from Trog
 54730 | Slime:1  | Entered Level 1 of the Pits of Slime
 54775 | Slime:2  | Received a gift from Trog
 54779 | Slime:2  | Gained mutation: You are occasionally teleported next to
                  | monsters. [a shining eye]
 54844 | Lair:5   | Lost mutation: You are occasionally teleported next to
                  | monsters. [potion of mutation]
 54844 | Lair:5   | Lost mutation: You tend to lose your temper in combat.
                  | [potion of mutation]
 54844 | Lair:5   | Gained mutation: Your body sometimes deteriorates upon
                  | taking damage. [potion of mutation]
 54844 | Lair:5   | Gained mutation: Your muscles are strong. (Str +2) [potion
                  | of mutation]
 54902 | Slime:2  | Lost mutation: Your muscles are strong. (Str +2) [a shining
                  | eye]
 54905 | Slime:2  | Gained mutation: Scrolls take you a little longer to read.
                  | [a shining eye]
 55473 | Slime:3  | Gained mutation: You are clumsy. (Dex -2) [a shining eye]
 55475 | Slime:3  | Gained mutation: You are frail. (-10% HP) [a shining eye]
 55664 | Slime:3  | Gained mutation: You occasionally shout uncontrollably at
                  | your foes. [a shining eye]
 55901 | Slime:3  | Gained mutation: Your body often deteriorates upon taking
                  | damage. [a shining eye]
 55913 | Slime:3  | Gained mutation: You tend to lose your temper in combat. [a
                  | shining eye]
 56475 | Slime:4  | Received a gift from Trog
 56648 | Slime:5  | Entered Level 5 of the Pits of Slime
 56720 | Slime:4  | Lost mutation: You are clumsy. (Dex -2) [potion of
                  | mutation]
 56720 | Slime:4  | Lost mutation: You are frail. (-10% HP) [potion of
                  | mutation]
 56720 | Slime:4  | Gained mutation: Your mind is acute. (Int +2) [potion of
                  | mutation]
 56720 | Slime:4  | Gained mutation: You are partially covered in icy blue
                  | scales. (AC +2) [potion of mutation]
 56720 | Slime:4  | Gained mutation: You evolve. [potion of mutation]
 56721 | Slime:4  | Lost mutation: You are partially covered in icy blue
                  | scales. (AC +2) [potion of mutation]
 56721 | Slime:4  | Lost mutation: Your body often deteriorates upon taking
                  | damage. [potion of mutation]
 56721 | Slime:4  | Lost mutation: You occasionally shout uncontrollably at
                  | your foes. [potion of mutation]
 56721 | Slime:4  | Gained mutation: You are agile. (Dex +2) [potion of
                  | mutation]
 56721 | Slime:4  | Gained mutation: You are very agile. (Dex +4) [potion of
                  | mutation]
 56722 | Slime:4  | Lost mutation: Your body sometimes deteriorates upon taking
                  | damage. [potion of mutation]
 56722 | Slime:4  | Lost mutation: Your mind is acute. (Int +2) [potion of
                  | mutation]
 56722 | Slime:4  | Lost mutation: You are very agile. (Dex +4) [potion of
                  | mutation]
 56722 | Slime:4  | Lost mutation: Scrolls take you a little longer to read.
                  | [potion of mutation]
 56722 | Slime:4  | Lost mutation: You evolve. [potion of mutation]
 56722 | Slime:4  | Lost mutation: You are agile. (Dex +2) [potion of mutation]
 56722 | Slime:4  | Gained mutation: You are robust. (+10% HP) [potion of
                  | mutation]
 56801 | Slime:5  | Noticed the Royal Jelly
 56810 | Slime:5  | Killed the Royal Jelly
 57037 | Slime:5  | Identified the +3 scythe of Dividends {slice, *Rage rElec
                  | MP+9 Str+3} (You found it on level 5 of the Pits of Slime)
 57053 | Slime:5  | Got a slimy rune of Zot
 57465 | Slime:5  | Reached XP level 26. HP: 202/290 MP: 17/22
 58012 | Slime:1  | Received a gift from Trog
 58737 | Crypt:1  | Entered Level 1 of the Crypt
 58737 | Crypt:1  | Noticed Khufu
 58737 | Crypt:1  | Noticed a greater mummy
 58737 | Crypt:1  | Noticed a greater mummy
 58784 | Vaults:2 | Killed a greater mummy
 58785 | Vaults:2 | Killed a greater mummy
 58944 | Crypt:1  | Killed Khufu
 59292 | Crypt:1  | Reached skill level 27 in Axes
 59293 | Crypt:1  | Reached skill level 27 in Fighting
 59505 | Crypt:1  | Noticed Donald
 59521 | Crypt:1  | Killed Donald
 59521 | Crypt:1  | Received a gift from Trog
 60623 | Crypt:2  | Noticed Sojobo
 60865 | Crypt:2  | Killed Sojobo
 60972 | Crypt:3  | Entered Level 3 of the Crypt
 61174 | Crypt:3  | Found a basalt altar of Yredelemnul.
 61579 | Crypt:3  | Reached skill level 15 in Throwing
 61725 | Crypt:3  | Noticed an ancient lich
 61725 | Crypt:3  | Noticed an ancient lich
 61779 | Crypt:3  | Received a gift from Trog
 61902 | Crypt:3  | Received a gift from Trog
 62045 | Crypt:3  | Received a gift from Trog
 62319 | Crypt:3  | Found a staircase to the Tomb.
 62391 | Crypt:3  | Noticed an ancient lich
 62420 | Crypt:3  | Killed an ancient lich
 62531 | Crypt:3  | Killed an ancient lich
 62531 | Crypt:3  | Reached XP level 27. HP: 285/300 MP: 22/22
 62542 | Crypt:3  | Killed an ancient lich
 62550 | Crypt:3  | Identified the Guide on Transmigration
 62552 | Crypt:3  | Got a twitching tin ring
 62552 | Crypt:3  | Got a wavering pewter ring
 62552 | Crypt:3  | Got a clouded tin ring
 62566 | Crypt:3  | Identified the ring of Sloth {rN+ MR+} (You found it on
                  | level 3 of the Crypt)
 62567 | Crypt:3  | Identified the ring "Soosec Pugur" {rN+ Str+2 Int+3 Dex+2
                  | Slay+2} (You found it on level 3 of the Crypt)
 62568 | Crypt:3  | Identified the ring "Geobrup" {rN+ SInv Stlth+} (You found
                  | it on level 3 of the Crypt)
 62901 | Zot:1    | Entered Level 1 of the Realm of Zot
 63604 | Zot:1    | Received a gift from Trog
 64116 | Zot:2    | Reached skill level 27 in Armour
 64540 | Zot:2    | Noticed an ancient lich
 64550 | Zot:2    | Gained mutation: Potions are less effective at restoring
                  | your health. [a cacodemon]
 64552 | Zot:2    | Killed an ancient lich
 64725 | Zot:2    | Received a gift from Trog
 64729 | Zot:2    | Noticed an ancient lich
 64745 | Zot:2    | Killed an ancient lich
 64954 | Zot:3    | Received a gift from Trog
 65433 | Zot:3    | Identified the +4 dragonskin cloak
 65433 | Zot:3    | Noticed Tiamat
 65832 | Zot:3    | Killed Tiamat
 66502 | Zot:3    | Got a glittering turquoise ring
 66503 | Zot:3    | Identified the ring of Qarhaas {*Slow +Inv AC+3 Dex+4} (You
                  | found it on level 3 of the Realm of Zot)
 66619 | Zot:4    | Received a gift from Trog
 67820 | Zot:5    | Entered Level 5 of the Realm of Zot
 67999 | Zot:5    | Received a gift from Trog
 68422 | Zot:5    | Noticed an ancient lich
 68489 | Zot:5    | Received a gift from Trog
 68503 | Zot:5    | Cast into level 5 of the Abyss (the power of Zot)
 68503 | Abyss:5  | Entered Level 5 of the Abyss
 68552 | Abyss:5  | Found a corrupted altar of Lugonu.
 68587 | Zot:5    | Escaped the Abyss
 68591 | Zot:5    | Noticed an ancient lich
 68601 | Zot:5    | Killed an ancient lich
 68743 | Zot:5    | Noticed an ancient lich
 68764 | Zot:5    | Killed an ancient lich
 68805 | Zot:5    | Noticed an ancient lich
 68823 | Zot:5    | Killed an ancient lich
 68863 | Zot:5    | Noticed an orb of fire
 68874 | Zot:5    | Killed an orb of fire
 68874 | Zot:5    | Received a gift from Trog
 68876 | Zot:5    | Noticed an ancient lich
 68879 | Zot:5    | Killed an ancient lich
 68879 | Zot:5    | Noticed an orb of fire
 68881 | Zot:5    | Killed an orb of fire
 68905 | Zot:5    | Slain by an Orb Guardian

Levels and vault maps discovered:
D:1:      evilmike_arrival_fibonacci_small, layout_loops_ring
D:2:      layout_loops_ring, overflow_temple_1_default, marbit_many_paths,
          fiery_altar_vehumet, first_ration
D:3:      layout_loops_cross, ebering_ghost_sewer_f, uniq_terence, uniq_robin
D:4:      layout_gridville, zin_angel, serial_shops, shop,
          nemelex_lonely_heart_becter, uniq_eustachio
D:5:      layout_cave_pods, overflow_temple_1_default, basic_altar,
          serial_shops, shop, uniq_grinder, uniq_crazy_yiuf_cottage
D:6:      minmay_octagon_keep, layout_basic, minmay_temple_entry_from_below_a,
          basic_altar
D:7:      layout_basic, okawaru_metal_pillars_1_2, nicolae_ru_path_of_blood,
          kennysheep_little_box, nemelex_xobeh_ov_fountains_minmay, uniq_pikel,
          uniq_duvessa
D:8:      layout_cave_pods, kennysheep_mini, nicolae_ossuary_entry_plus,
          uniq_grum, uniq_gastronok
D:9:      layout_basic, minmay_lair_entry_grove, uniq_harold
D:10:     layout_roguey, serial_shops, nicolae_shop_overgrown_old_shop,
          hangedman_stone_soup
D:11:     layout_roguey [special_room_orc], orc_0_dummy,
          gammafunk_ghost_spectres, uniq_nergalle, uniq_urug
D:12:     layout_basic, uniq_azrael
D:13:     layout_rooms
D:14:     layout_basic, grunt_vaults_entry_fortified, serial_shops, shop,
          minmay_misc_feat_room, drop_trap
D:15:     grunt_enter_depths_magical_seal, layout_cave_pools,
          serial_park_tiny_2, lightli_wizard_tower
Lair:1:   layout_gridlike, hellmonk_ghost_happy_afterlife, grunt_megastairs_2,
          uniq_sonja
Lair:2:   layout_regular_city, spider_nest_entry_web_field, minivault_29,
          serial_bayou_shore_a
Lair:3:   layout_roguey
Lair:4:   dragon1_lemuel, layout_misc_corridors, minmay_shoals_entry_centaurs,
          gammafunk_ghost_split, gauntlet_entry_generic
Lair:5:   layout_misc_corridors, minmay_slime_entry_oklob_open, basic_altar
Lair:6:   due_jungle_book, layout_small_grid, lemuel_old_faithful,
          minmay_lair_oklob_chamber, uniq_kirke
Shoals:1: layout_shoals, yaktaur_hedge, uniq_jorgrun
Shoals:2: cheibrodos_shoals_gigantism, layout_shoals, uniq_polyphemus
Shoals:3: layout_shoals
Shoals:4: shoals_end_grunt_garden, layout_shoals, serial_shops, shop,
          ebering_ghost_reflecting_pool, portal_ice_cave_entry_ice_statue_two,
          nicolae_shoals_seven_spires, nicolae_shoals_mertower
Spider:1: layout_spider_delve
Spider:2: layout_spider_delve, uniq_agnes
Spider:3: layout_spider_delve, worms_lemuel, uniq_arachne
Spider:4: guppyfry_spider_rune
Slime:1:  layout_caves
Slime:2:  layout_caves
Slime:3:  layout_caves
Slime:4:  layout_caves, cheibrodos_slime_lost_civilization_5
Slime:5
Orc:1:    layout_caves, basic_altar, serial_shops, shop,
          nicolae_orc_stony_grotto
Orc:2:    grunt_orc_gardens, layout_diamond_mine, grunt_orc_garden,
          grunt_orc_garden, grunt_orc_garden, grunt_orc_garden, serial_shops,
          nicolae_shop_waterfront
Elf:1:    layout_onion_city, minivault_28
Elf:2:    layout_onion_city, serial_shops,
          nicolae_shop_temple_entry_statues_fountains
Elf:3:    elf_hall_gauntlet_narrow, layout_geoelf_octagon, serial_glass,
          glass_columns_b, glass_columns_b, glass_columns_c, glass_columns_b,
          glass_columns_a, glass_columns_a, due_unseen_surprise,
          feat_on_display, st_stairs_8, drop_trap
Vaults:1: vaults_mumra_lcd, hangedman_vaults_capsules,
          nicolae_vaults_network_barrier,
          vaults_standard_mumra_enter_the_diamond, v_pattern_5,
          vaults_room_semicircle, layout_vaults_omnigrid
Vaults:2: v_rooms_4, grunt_vaults_focal, hangedman_vaults_stagger,
          nicolae_vaults_network_periphery, minmay_crypt_entry_skeletal_spiral,
          vaults_room_grunt_arrival_ludios, ontoclasm_vaults_tryst,
          nicolae_vaults_network_star, hangedman_vaults_hat,
          ontoclasm_vaults_ring_square, v_alt_pattern_4, v_misc_24,
          layout_vaults_omnibox
Vaults:3: nicolae_vaults_big_angled_halls, nicolae_vaults_network_quinsquares
          [nicolae_vaults_network_quincunx_subvault,
          nicolae_vaults_network_quincunx_subvault,
          nicolae_vaults_network_quincunx_subvault,
          nicolae_vaults_network_quincunx_subvault], st_lattice,
          hangedman_vaults_pinch, vaults_room_semicircle, v_misc_12,
          nicolae_vaults_ring_of_whatevers, grunt_vaults_hallway_short,
          vaults_dpeg_hooks, layout_vaults_ring
Vaults:4: vaults_room_pools, vaults_room_fancy_cross,
          vaults_room_stairs_pillars, nicolae_vaults_three_branches,
          vaults_mumra_hex, grunt_vaults_funnel, nicolae_vaults_arrows,
          v_misc_23, nicolae_vaults_diagonal_hallway_8, layout_vaults_omnicross,
          serial_shops, shop, uniq_xtahua
Vaults:5
Crypt:1:  layout_chaotic_city, uniq_donald, uniq_khufu
Crypt:2:  layout_gridlike, ebering_dispersal_statue_hall, uniq_sojobo
Crypt:3:  david_glass_crypt, layout_misc_corridors,
          nicolae_tomb_entry_rubble_hallway, basic_altar, st_stairs_7,
          minivault_23, nrook_guardian_serpent_ordinary
Depths:1: layout_cave_pools, hell_entry, serial_sigils,
          serial_sigils_hangedman_shear, serial_sigils_hangedman_leer,
          serial_sigils_hangedman_gnaw, serial_sigils_hangedman_carve,
          serial_sigils_hangedman_confine, serial_sigils_hangedman_snap,
          rand_demon_pan_entry_4, kennysheep_four_rooms
Depths:2: minmay_angry_zag, layout_cave_pools, minmay_staircase_bubble,
          hangedman_coc_ice_floe, corner_web_ring
Depths:3: hangedman_hanging_gardens, layout_gridlike, hell_entry,
          rand_demon_pan_entry_5, item_on_display_a,
          infiniplex_staircase_zigzag_2
Depths:4: hangedman_spin_cycle, abyss_entry, hell_entry
Depths:5: evilmike_zot_entry_diamond, layout_small_grid, enter_ziggurat_e,
          pf_hell_entry_tar_river, solitary_fountain,
          hangedman_abyss_or_decor_slice, grunt_absolute_annihilation
Zot:1:    layout_gridlike, st_stairs_10
Zot:2:    layout_concentric_octagons, hangedman_snap_crack_crunch
Zot:3:    layout_gridlike, st_grand_hoard_of_tiamat
Zot:4:    layout_onion_interference
Zot:5:    layout_basic

Skill      XL: |  1  2  3  4  5  6  7  8  9 10 11 12 13 14 15 16 17 18 19 20 21 22 23 24 25 26 27 |
---------------+----------------------------------------------------------------------------------+-----
Fighting       | 4 5 6 7 8 10 12 13 14 15 16 17 18 19 20 21 22 23 24 25 26 27 | 27.0
Axes           | 4 5 6 7 8 10 12 13 14 15 16 17 18 19 20 21 22 23 24 25 26 27 | 27.0
Armour         | 5 8 10 12 13 15 16 17 18 20 21 22 23 24 25 26 27 | 27.0
Dodging        | 5 7 9 11 12 13 14 15 16 17 18 19 20 21 26 | 26.2
Throwing       | 5 7 9 10 12 13 15 22 | 22.7

Action                   |  1- 3 |  4- 6 |  7- 9 | 10-12 | 13-15 | 16-18 | 19-21 | 22-24 | 25-27 || total
-------------------------+-------+-------+-------+-------+-------+-------+-------+-------+-------++-------
Melee: Hand axe          |    85 |   134 |   358 |   168 |       |       |       |       |       ||   745
       Headbutt          |    12 |    20 |    82 |   126 |   249 |   346 |   308 |   244 |   461 ||  1848
       Battleaxe         |       |       |       |   296 |     6 |  1074 |   581 |       |       ||  1957
       Broad axe         |       |       |       |    61 |   892 |    67 |       |       |       ||  1020
       Demon trident     |       |       |       |       |    35 |       |       |       |       ||    35
       Executioner's axe |       |       |       |       |       |       |   648 |   942 |  1568 ||  3158
Throw: Javelin           |       |       |       |       |       |    49 |     3 |    38 |    52 ||   142
Invok: Berserk           |       |     1 |     2 |     4 |       |     2 |     1 |     1 |     2 ||    13
       Trog's Hand       |       |       |     2 |     3 |     2 |     9 |     3 |     6 |     3 ||    28
       Brothers in Arms  |       |       |       |       |       |     4 |       |     2 |     2 ||     8
Evoke: Wand              |       |       |       |     1 |       |       |       |     1 |     2 ||     4
  Use: Scroll            |     2 |     6 |     9 |     8 |    10 |    20 |     5 |     7 |    26 ||    93
       Potion            |       |       |       |     2 |       |    10 |       |     6 |     9 ||    27
 Stab: Sleeping          |     2 |       |       |       |       |       |       |       |       ||     2
       Paralysed         |       |       |       |     1 |       |       |       |       |       ||     1
       Petrified         |       |       |       |       |       |       |       |     1 |       ||     1
       Distracted        |       |       |       |       |       |       |       |     1 |       ||     1
  Eat: Chunk             |       |     7 |    14 |    20 |    30 |    20 |    26 |    28 |     5 ||   150
       Ration            |       |       |     1 |     3 |       |     7 |     2 |     2 |    14 ||    29
Armor: Animal skin       |    22 |       |       |       |       |       |       |       |       ||    22
       Ring mail         |       |    11 |       |       |       |       |       |       |       ||    11
       Scale mail        |       |    26 |    35 |       |       |       |       |       |       ||    61
       Plate armour      |       |       |   112 |   154 |       |     6 |   600 |   588 |   430 ||  1890
       Chain mail        |       |       |       |   147 |   438 |   668 |       |       |       ||  1253
       Skin              |       |       |       |       |       |       |       |       |     7 ||     7
       Gold dragon scale |       |       |       |       |       |       |       |       |   470 ||   470
Dodge: Dodged            |    66 |    79 |   105 |   250 |   626 |  1291 |   697 |   682 |   970 ||  4766
Block: Buckler           |       |     3 |    28 |    11 |       |       |       |       |       ||    42
